 Dungeon Crawl Stone Soup version 0.30.0-10-gfe55d96785 (webtiles) character file.

Game seed: 9001610343311386552

363 Irreverend the Ruffian (level 6, -2/61 HPs)
             Began as a Troll Fighter on May 15, 2023.
             Slain by Pikel
             ... wielding a +2 whip of flaming
              (9 damage)
             ... on level 4 of the Dungeon.
             The game lasted 00:04:24 (2636 turns).

Irreverend the Ruffian (Troll Fighter)              Turns: 2636, Time: 00:04:24

Health: -2/61      AC: 11    Str: 25    XL:     6   Next: 39%
Magic:  5/5        EV:  7    Int:  6    God:
Gold:   51         SH:  8    Dex:  9    Spells: 5/5 levels left

rFire   x .          .
                       - Unarmed
rCold   + + .        b - +0 kite shield
rNeg    . . .        q - +0 ice dragon scales
rPois   .            (helmet restricted)
rElec   .            (no cloak)
rCorr   .            (gloves unavailable)
SInv    .            (boots unavailable)
Will    .....        (no amulet) Stlth
                     (no ring)
HPRegen 1.10/turn    (no ring)
MPRegen 0.09/turn

%: no passive effects
@: mighty
A: large, unfitting armour, claws 3, regeneration 1, shaggy fur 1, tough skin 1
a: no special abilities


You were on level 4 of the Dungeon.
You visited 1 branch of the dungeon, and saw 4 of its levels.

You collected 51 gold pieces.

Inventory:

Armour
 a - a +0 robe
 b - a +0 kite shield (worn)
 q - +0 ice dragon scales (worn)
Magical Staves
 g - a staff of earth
Wands
 m - a wand of paralysis (4)
Scrolls
 d - 2 scrolls of teleportation {unknown}
 e - 2 scrolls of magic mapping {unknown}
 f - 2 scrolls of identify {unknown}
 h - 2 scrolls of brand weapon {unknown}
 i - a scroll of summoning {unknown}
 k - a scroll of amnesia {unknown}
 l - a scroll of blinking {unknown}
 n - a scroll of torment {unknown}
 o - a scroll of fear {unknown}
 p - a scroll of fog {unknown}
Potions
 j - a potion of cancellation {unknown}
 r - a potion of heal wounds


   Skills:
 + Level 3.6 Fighting
 - Level 2.4 Dodging
 + Level 4.0 Shields
 * Level 5.0 Unarmed Combat


You had 5 spell levels left.
You didn't know any spells.
Your spell library contained the following spells:

 Spells                   Type           Power      Damage    Failure   Level
 Ensorcelled Hibernation  Hex/Ice        0%         N/A       99%         2
 Passwall                 Tmut/Erth      0%         N/A       99%         2
 Swiftness                Air            0%         N/A       100%        3


Dungeon Overview and Level Annotations

Branches:
Dungeon (4/15)
 Temple: D:4-7

Altars:
Kikubaaqudgha

Annotations:
D:4 Pikel


Innate Abilities, Weirdness & Mutations

You are too large for most types of armour.
You have claws for hands.
Your natural rate of healing is unusually fast.
You are covered in fur. (AC +1)
You have tough skin. (AC +1)


Message History

* * * LOW HITPOINT WARNING * * *
You completely miss the lemure. You block the lemure's attack.
You scratch the lemure.
The lemure is lightly wounded.
The lemure hits you!
* * * LOW HITPOINT WARNING * * *
You barely miss the lemure.
The lemure is lightly wounded.
You block the lemure's attack.
You barely miss the lemure.
The lemure is lightly wounded.
You block the lemure's attack.
You closely miss the lemure.
The lemure is lightly wounded.
You block the lemure's attack.
You closely miss the lemure.
The lemure is lightly wounded.
The lemure barely misses you.
You miss the lemure.
The lemure is lightly wounded.
The lemure barely misses you.
Pikel scowls and wipes his hands on his robe.
You claw the lemure!
The lemure is moderately wounded.
The lemure hits you!
* * * LOW HITPOINT WARNING * * *
You feel very mighty all of a sudden. You block the lemure's attack.
You mangle the lemure!!
You kill the lemure!
That felt strangely unrewarding.
You closely miss Pikel.
Pikel hits you with a +2 whip of flaming.
* * * LOW HITPOINT WARNING * * *
Pikel burns you.
* * * LOW HITPOINT WARNING * * *
You closely miss Pikel.
Pikel says, "You'll make a fine lemure."
Pikel hits you with a +2 whip of flaming!
You die...

.# #.####### .# #..
#.#.....# .# #.#
#.#<....# .#
..##K#.....# .##
.5#.#.)...# ..
#..#)....# .#
#.###5#.###.####.##
#......K....#oK@..#
....#####.....5##..#
# #####..# ..# .'..#
..# ###..# .## ...#
.. ###.# .# #.. ..
..


You could see Pikel, a lemure and an orc.

Vanquished Creatures
  Sigmund (D:2)
  3 lemures (D:4)
  2 orc priests (D:4)
  An orc wizard (D:3)
  3 adders
  A worm (D:3)
  9 orcs
  7 ball pythons
  4 bats
  4 endoplasms
  A giant cockroach (D:3)
  8 goblins
  7 hobgoblins
  3 jackals (D:1)
  5 kobolds
  4 quokkas
  7 frilled lizards
  10 rats
80 creatures vanquished.

Notes
Turn   | Place    | Note
-------+----------+-------------------------------------------
     0 | D:1      | Irreverend the Troll Fighter began the quest for the Orb.
     0 | D:1      | Reached XP level 1. HP: 22/22 MP: 0/0
   146 | D:1      | Reached XP level 2. HP: 29/29 MP: 1/1
   430 | D:1      | Reached XP level 3. HP: 36/36 MP: 2/2
   507 | D:1      | Found a faded altar of an unknown god.
   509 | D:1      | Reached skill level 3 in Unarmed Combat
   842 | D:2      | Noticed Sigmund
   848 | D:2      | Killed Sigmund
   849 | D:2      | Reached skill level 4 in Unarmed Combat
   849 | D:2      | Reached XP level 4. HP: 26/45 MP: 3/3
   849 | D:2      | Reached XP level 5. HP: 31/53 MP: 4/4
  1460 | D:3      | Found an ancient bone altar of Kikubaaqudgha.
  1819 | D:3      | Reached XP level 6. HP: 61/61 MP: 5/5
  2605 | D:4      | HP: 3/61 [orc/+0 flail (7)]
  2607 | D:4      | Reached skill level 5 in Unarmed Combat
  2609 | D:4      | Noticed Pikel
  2611 | D:4      | HP: 1/61 [orc/+0 flail (3)]
  2636 | D:4      | Slain by Pikel

Illustrated notes

Levels and vault maps discovered:
D:1:      lemuel_arrival_funnel, layout_loops_ring,
          ebering_ecumenical_altar_petrified
D:2:      layout_basic, uniq_sigmund
D:3:      layout_basic, kiku_gazebo_pond_becter
D:4:      layout_basic, mainiacjoe_overflow_surrounded_room, uniq_blork_the_orc,
          uniq_pikel

Skill      XL: |  1  2  3  4  5  6 |
---------------+-------------------+-----
Shields        | 3 4 |  4.0
Unarmed Combat | 4 5 |  5.0
Fighting       | 3 |  3.6
Dodging        | |  2.4

Action                     |  1- 3 |  4- 6 || total
---------------------------+-------+-------++-------
  Melee: Unarmed           |   119 |   104 ||   223
    Use: Potion            |       |     2 ||     2
   Stab: Sleeping          |       |     1 ||     1
 Armour: Robe              |    19 |    13 ||    32
         Ice dragon scales |       |    28 ||    28
  Dodge: Dodged            |    31 |    24 ||    55
  Block: Kite shield       |    41 |    33 ||    74
